 Dungeon Crawl Stone Soup version 0.29.0-4-gdea44cf6ec (webtiles) character file.

Game seed: 4751818605972141596

7407 Renzlar the Protected (level 11, -3/89 HPs)
             Began as a Gnoll Fighter on Aug 26, 2022.
             Was a High Priest of Okawaru.
             Killed from afar by a fire dragon (66 damage)
             ... with a blast of flame
             ... on level 1 of the Lair of Beasts on Aug 27, 2022.
             The game lasted 00:46:07 (7904 turns).

Renzlar the Protected (Gnoll Fighter)               Turns: 7904, Time: 00:46:08

Health: -3/89      AC: 14    Str: 23    XL:     11   Next: 14%
Magic:  20/20      EV: 12    Int: 10    God:    Okawaru [*****.]
Gold:   573        SH:  6    Dex: 10    Spells: 18/22 levels left

rFire   x . .      SeeInvis .   n - +5 trident "Byttoi" {vorpal, rC+}
rCold   + + .      Faith    .   c - +0 buckler
rNeg    . . .      Spirit   .   j - +4 ring mail {rPois}
rPois   +          Reflect  .   o - +2 hat
rElec   .          Harm     .   (no cloak)
rCorr   .          Rampage  .   i - +0 pair of gloves
Will    .....                   (no boots)
Stlth   ++........              f - amulet of regeneration
HPRegen 1.04/turn               p - ring of flight
MPRegen 0.17/turn               b - ring of ice

@: mighty, flying, studying Armour
A: fangs 1, strong nose, distributed training, clever 1, strong 1
a: Renounce Religion, Heroism, Finesse, Duel


You were on level 1 of the Lair of Beasts.
You worshipped Okawaru.
Okawaru was extremely pleased with you.
You visited 3 branches of the dungeon, and saw 10 of its levels.
You also visited: Ossuary and Bailey.

You collected 819 gold pieces.
You spent 246 gold pieces at shops.

Inventory:

Hand Weapons
 a - a +0 war axe
 l - a +1 whip of electrocution
 n - the +5 trident "Byttoi" (weapon) {vorpal, rC+}
   (You bought it in a shop on level 1 of the Dungeon)

   It inflicts extra damage upon your enemies.
   rC:        It protects you from cold.
 s - the +9 dagger of Gluttony {pain, rF+ rN+ Int+4}
   (You found it on level 5 of the Dungeon)

   In the hands of one skilled in necromantic magic, it inflicts extra damage on
   living creatures.
   Int:       It affects your intelligence (+4).
   rF:        It protects you from fire.
   rN:        It protects you from negative energy.
 x - the +6 short sword of Midsummer {vorpal, Will+}
   (You found it on level 7 of the Dungeon)

   It inflicts extra damage upon your enemies.
   Will:      It increases your willpower.
Missiles
 h - 15 poisoned darts (quivered)
 w - 23 javelins
Armour
 c - a +0 buckler (worn)
 i - a +0 pair of gloves (worn)
 j - a +4 ring mail of poison resistance (worn)
 o - a +2 hat (worn)
 A - a +2 chain mail of fire resistance
Jewellery
 b - a ring of ice (right hand)
 f - an amulet of regeneration (around neck)
 g - an amulet of reflection
 p - a ring of flight (left hand)
 u - the ring of Soetraes {Will+ rCorr}
   (You acquired it on level 7 of the Dungeon)

   [ring of resist corrosion]

   rCorr:     It protects you from acid and corrosion.
   Will:      It increases your willpower.
Wands
 r - a wand of flame (39)
Scrolls
 k - 3 scrolls of enchant weapon
 t - 3 scrolls of blinking
 B - a scroll of teleportation
Potions
 d - a potion of might
 e - a potion of resistance
 m - 5 potions of haste
 q - 3 potions of flight
 z - 3 potions of curing
 D - 4 potions of heal wounds


   Skills:
 + Level 9.1 Fighting
 + Level 6.2 Short Blades
 + Level 6.2 Long Blades
 + Level 7.8 Axes
 + Level 6.2 Maces & Flails
 + Level 6.2 Polearms
 + Level 6.2 Staves
 + Level 6.2 Ranged Weapons
 + Level 6.2 Throwing
 + Level 9.8 Armour
 + Level 6.2 Dodging
 + Level 6.2 Stealth
 + Level 9.1 Shields
 + Level 6.2 Unarmed Combat
 + Level 6.2 Spellcasting
 + Level 5.1 Conjurations
 + Level 5.1 Hexes
 + Level 5.1 Summonings
 + Level 5.1 Necromancy
 + Level 5.1 Translocations
 + Level 5.1 Transmutations
 + Level 5.1 Fire Magic
 + Level 5.1 Ice Magic
 + Level 5.1 Air Magic
 + Level 5.1 Earth Magic
 + Level 5.1 Poison Magic
 + Level 6.8 Invocations
 + Level 6.2 Evocations


You had 18 spell levels left.
You knew the following spells:

 Your Spells              Type           Power      Damage    Failure   Level
a - Necrotise             Necr           52%        1d6       4%          1
b - Frozen Ramparts       Ice            40%        1d7       13%         3

Your spell library contained the following spells:

 Spells                   Type           Power      Damage    Failure   Level
 Magic Dart               Conj           52%        1d5       4%          1
 Sandblast                Erth           26%        2d8       4%          1
 Shock                    Conj/Air       52%        1d6       4%          1
 Passwall                 Tmut/Erth      10%        N/A       6%          2
 Mephitic Cloud           Conj/Pois/Air  13%        N/A       13%         3
 Stone Arrow              Conj/Erth      26%        3d8       13%         3
 Swiftness                Air            13%        N/A       13%         3
 Vampiric Draining        Necr           13%        2d6       13%         3
 Airstrike                Air            6%         2d(1-17)  38%         4
 Ice Form                 Ice/Tmut       20%        N/A       38%         4
 Petrify                  Tmut/Erth      13%        N/A       38%         4
 Agony                    Necr           13%        N/A       75%         5
 Metabolic Englaciation   Hex/Ice        10%        N/A       75%         5
 Statue Form              Tmut/Erth      8%         N/A       100%        6
 Call Imp                 Summ           Unusable   N/A       N/A         2
 Summon Ice Beast         Ice/Summ       Unusable   N/A       N/A         4

Dungeon Overview and Level Annotations

Branches:
Dungeon (8/15)             Temple (1/1) D:4            Lair (1/5) D:8
Ossuary (visited)          Bailey (visited)

Altars:
Ashenzari
Cheibriados
Dithmenos
Elyvilon
Fedhas
Gozag
Kikubaaqudgha
Makhleb
Nemelex Xobeh
Okawaru
Ru
Sif Muna
Vehumet
Wu Jian
Xom
Yredelemnul
Zin

Shops:
D:1 (   D:7 *


Innate Abilities, Weirdness & Mutations

You have very sharp teeth.
Your uncanny sense of smell can sniff out nearby items.
Your experience applies equally to all skills.
Your mind is acute. (Int +4, Str/Dex -1)
Your muscles are strong. (Str +4, Int/Dex -1)


Message History

The floor, spattered with blood.
You puncture the water moccasin!
You kill the water moccasin!
Okawaru accepts your kill.
C - a potion of ambrosia You drop a potion of ambrosia.
Okay, then.
It was a potion of mutation.
You feel extremely strange.
You feel clever.
You feel stronger.
Okay, then.
Cast which spell? (? or * to list)
Okay, then.
You now have 555 gold pieces (gained 19).
You now have 573 gold pieces (gained 18).
D - 4 potions of heal wounds (gained 1)
A fire dragon comes into view.
Found 29 gold pieces.
You're wearing all the rings you can.
Remove which one? (? for menu, Esc to cancel) < or
p - a ring of flight > or
u - the ring of Soetraes {Will+ rCorr} You remove the ring of Soetraes {Will+ rCorr}.
The fire dragon roars deafeningly!
You feel more attuned to ice.
b - a ring of ice (right hand) Throw: dart (curare)
Press: ? - help, Q - select action, (/) - cycle Shift-Dir - straight line, f - fire dragon
Aim: a fire dragon (71% to hit)
You throw a curare-tipped dart.
The curare-tipped dart hits the fire dragon.
Press: ? - help, v - describe, . - travel
Here: a fire dragon The floor.
The fire dragon breathes flames at you. The blast of flame hits you!!
The fire burns you terribly!
You feel very mighty all of a sudden. The fire dragon breathes flames at you.
The blast of flame hits you!!! The fire burns you terribly!
Ouch! That really hurt!
You die...

#....# ####.# #########
##.# #~~~~...#### #..#
#~~~.......## ######.##
~~~~........#####......#
~~~~~.............######
$~~~~.........#####
$(.~~~D.@...###
....~~~....##
...~~~~..### ##########


You could see a fire dragon (catching breath).

Vanquished Creatures
  A troll (D:8)
  A hornet (D:8)
  Prince Ribbit (D:8)
  A wyvern (Lair:1)
  4 yaks (D:8)
  4 vampire mosquitoes (D:7)
  Menkaure (D:6)
  3 water moccasins
  Duvessa (D:6)
  2 sky beasts (D:7)
  2 ice beasts (D:6)
  2 black bears
  13 orc warriors (Bailey)
  11 centaurs
  2 ogres (D:6)
  3 phantoms
  A kobold brigand (D:8)
  4 bullfrogs
  2 necrophages
  3 scorpions
  Dowan (D:6)
  4 electric eels
  12 hounds
  2 jellies
  An orc priest (D:5)
  2 iguanas
  11 orc wizards
  8 mummies (Ossuary)
  3 gnolls (D:2)
  7 adders
  A white imp (D:8)
  3 ufetubi
  2 worms
  57 orcs
  6 ball pythons
  3 bats
  5 endoplasms
  4 giant cockroaches
  12 goblins
  10 hobgoblins
  14 kobolds
  6 quokkas
  A frilled lizard (D:1)
  A gnoll zombie (Ossuary)
  A hobgoblin zombie (Ossuary)
  2 kobold zombies (Ossuary)
  4 orc zombies (Ossuary)
  4 rats
249 creatures vanquished.

Vanquished Creatures (others)
  2 fungi (Lair:1)
  13 plants
15 creatures vanquished.

Grand Total: 264 creatures vanquished

Notes
Turn   | Place    | Note
-------+----------+-------------------------------------------
     0 | D:1      | Renzlar the Gnoll Fighter began the quest for the Orb.
     0 | D:1      | Reached XP level 1. HP: 23/23 MP: 1/1
   132 | D:1      | Reached XP level 2. HP: 29/29 MP: 2/2
   448 | D:1      | Found Abeugint's Antique Weapon Shoppe.
   464 | D:1      | Reached XP level 3. HP: 35/35 MP: 3/3
   494 | D:1      | HP: 1/35 [hobgoblin/+0 war axe (7)]
   904 | D:2      | Reached skill level 1 in Invocations
   953 | D:2      | Reached skill level 1 in Short Blades
   953 | D:2      | Reached skill level 1 in Long Blades
   953 | D:2      | Reached skill level 1 in Maces & Flails
   953 | D:2      | Reached skill level 1 in Polearms
   953 | D:2      | Reached skill level 1 in Staves
   953 | D:2      | Reached skill level 1 in Ranged Weapons
   953 | D:2      | Reached skill level 1 in Throwing
   953 | D:2      | Reached skill level 1 in Dodging
   953 | D:2      | Reached skill level 1 in Stealth
   953 | D:2      | Reached skill level 1 in Unarmed Combat
   953 | D:2      | Reached skill level 1 in Spellcasting
   953 | D:2      | Reached skill level 1 in Evocations
  1046 | D:2      | Reached XP level 4. HP: 41/41 MP: 5/5
  1050 | D:2      | Reached skill level 1 in Conjurations
  1050 | D:2      | Reached skill level 1 in Hexes
  1050 | D:2      | Reached skill level 1 in Summonings
  1050 | D:2      | Reached skill level 1 in Necromancy
  1050 | D:2      | Reached skill level 1 in Translocations
  1050 | D:2      | Reached skill level 1 in Transmutations
  1050 | D:2      | Reached skill level 1 in Fire Magic
  1050 | D:2      | Reached skill level 1 in Ice Magic
  1050 | D:2      | Reached skill level 1 in Air Magic
  1050 | D:2      | Reached skill level 1 in Earth Magic
  1050 | D:2      | Reached skill level 1 in Poison Magic
  1644 | D:3      | Reached XP level 5. HP: 47/47 MP: 7/7
  1759 | D:3      | Learned a level 1 spell: Necrotise
  1913 | D:3      | Found a faded altar of an unknown god.
  2067 | D:4      | Found a staircase to the Ecumenical Temple.
  2079 | Temple   | Entered the Ecumenical Temple
  2125 | Temple   | Became a worshipper of Warmaster Okawaru
  2265 | D:4      | Reached XP level 6. HP: 53/53 MP: 8/8
  2339 | D:4      | Found a sparkling altar of Nemelex Xobeh.
  2489 | D:1      | Bought an iridescent trident for 246 gold pieces
  2489 | D:1      | Identified the +5 trident "Byttoi" {vorpal, rC+} (You
                  | bought it in a shop on level 1 of the Dungeon)
  2631 | D:4      | Noticed a black bear
  2648 | D:4      | Killed a black bear
  2649 | D:4      | Reached skill level 5 in Axes
  2852 | D:5      | Entered Level 5 of the Dungeon
  2867 | D:5      | Noticed an ice beast
  2901 | D:6      | Reached * piety under Okawaru
  2909 | D:6      | Reached XP level 7. HP: 60/60 MP: 10/10
  3025 | D:5      | Reached ** piety under Okawaru
  3067 | D:5      | Reached XP level 8. HP: 67/67 MP: 12/12
  3096 | D:5      | Found a burning altar of Makhleb.
  3097 | D:5      | Identified the +9 dagger of Gluttony {pain, rF+ rN+ Int+4}
  3263 | D:5      | Found an ancient bone altar of Kikubaaqudgha.
  3429 | D:6      | Found an opulent altar of Gozag.
  3442 | D:6      | Noticed Menkaure
  3492 | D:6      | Killed Menkaure
  3588 | D:6      | Noticed Duvessa
  3588 | D:6      | Noticed Dowan
  3620 | D:6      | Killed Dowan
  3647 | D:6      | Killed Duvessa
  3647 | D:6      | Reached *** piety under Okawaru
  3895 | D:6      | Reached XP level 9. HP: 73/73 MP: 14/14
  4360 | D:7      | Identified a scroll of acquirement
  4360 | D:7      | Acquired the ring of Soetraes {Will+ rCorr}
  4676 | D:7      | Found a flagged portal.
  4690 | Bailey   | Entered a bailey
  4723 | Bailey   | Reached **** piety under Okawaru
  4724 | Bailey   | Reached skill level 5 in Invocations
  4998 | Bailey   | HP: 1/74 [orc warrior/+0 glaive (16)]
  5246 | Bailey   | Reached skill level 5 in Short Blades
  5246 | Bailey   | Reached skill level 5 in Long Blades
  5246 | Bailey   | Reached skill level 5 in Maces & Flails
  5246 | Bailey   | Reached skill level 5 in Polearms
  5246 | Bailey   | Reached skill level 5 in Staves
  5246 | Bailey   | Reached skill level 5 in Ranged Weapons
  5246 | Bailey   | Reached skill level 5 in Throwing
  5246 | Bailey   | Reached skill level 5 in Dodging
  5246 | Bailey   | Reached skill level 5 in Stealth
  5246 | Bailey   | Reached skill level 5 in Unarmed Combat
  5246 | Bailey   | Reached skill level 5 in Spellcasting
  5246 | Bailey   | Reached skill level 5 in Evocations
  5246 | Bailey   | Reached XP level 10. HP: 61/81 MP: 12/17
  5991 | D:7      | Found Ydudesm's General Store.
  6002 | D:7      | Reached ***** piety under Okawaru
  6081 | D:7      | Identified the +6 short sword of Midsummer {vorpal, Will+}
  6093 | D:7      | Learned a level 3 spell: Frozen Ramparts
  6523 | D:8      | Identified the +4 mace of Beogh, Keeping {venom, Drain
                  | rPois rN+ Str+3}
  6629 | D:8      | Found a staircase to the Lair.
  6643 | D:8      | Received a gift from Okawaru
  6833 | D:8      | Noticed Prince Ribbit
  6895 | D:8      | Reached skill level 5 in Conjurations
  6895 | D:8      | Reached skill level 5 in Hexes
  6895 | D:8      | Reached skill level 5 in Summonings
  6895 | D:8      | Reached skill level 5 in Necromancy
  6895 | D:8      | Reached skill level 5 in Translocations
  6895 | D:8      | Reached skill level 5 in Transmutations
  6895 | D:8      | Reached skill level 5 in Fire Magic
  6895 | D:8      | Reached skill level 5 in Ice Magic
  6895 | D:8      | Reached skill level 5 in Air Magic
  6895 | D:8      | Reached skill level 5 in Earth Magic
  6895 | D:8      | Reached skill level 5 in Poison Magic
  6895 | D:8      | Reached XP level 11. HP: 60/89 MP: 20/20
  6980 | D:8      | Killed Prince Ribbit
  7164 | D:8      | Found a radiant altar of Vehumet.
  7187 | D:8      | Found a sand-covered staircase.
  7196 | Ossuary  | Entered an ossuary
  7427 | D:8      | Received a gift from Okawaru
  7723 | Lair:1   | Entered Level 1 of the Lair of Beasts
  7799 | Lair:1   | Gained mutation: Your mind is acute. (Int +4, Str/Dex -1)
                  | [potion of mutation]
  7799 | Lair:1   | Gained mutation: Your muscles are strong. (Str +4, Int/Dex
                  | -1) [potion of mutation]
  7895 | Lair:1   | Noticed a fire dragon
  7904 | Lair:1   | Killed from afar by a fire dragon

Illustrated notes

Levels and vault maps discovered:
D:1:      dpeg_arrival_short_road, layout_loops_ring, serial_shops,
          nicolae_shop_advertising_works [nicolae_subvault_shop_adworks]
D:2:      layout_basic, minmay_hexomino_f4
D:3:      layout_basic, hellmonk_ecumenical_altar_leap_of_faith
D:4:      layout_cave_pools, nemelex_spade_bored_becter,
          minmay_temple_entry_statues_pillars, minmay_pentomino_pile
D:5:      layout_rooms, mainiacjoe_overflow_brackets, lemuel_round_altar
D:6:      wad_lake_hut, layout_rooms, grunt_gozag_statues, uniq_menkaure,
          uniq_duvessa
D:7:      layout_loops_ring, enter_bailey_3, minivault_23,
          minmay_shop_grid_forest, minivault_11, minmay_misc_feat_four_crosses
D:8:      wander_river, layout_loops_cross, nicolae_vehumet_radiance,
          erik_lair_island, enter_ossuary_3, uniq_prince_ribbit1
Temple:   kb_temple_of_zot
Lair:1:   dragon1_lemuel, layout_gridlike

Skill      XL: |  1  2  3  4  5  6  7  8  9 10 |
---------------+-------------------------------+-----
Invocations    | 1 2 3 4 5 6 |  6.8
Short Blades   | 1 2 3 5 6 |  6.2
Long Blades    | 1 2 3 5 6 |  6.2
Maces & Flails | 1 2 3 5 6 |  6.2
Polearms       | 1 2 3 5 6 |  6.2
Staves         | 1 2 3 5 6 |  6.2
Ranged Weapons | 1 2 3 5 6 |  6.2
Throwing       | 1 2 3 5 6 |  6.2
Dodging        | 1 2 3 5 6 |  6.2
Stealth        | 1 2 3 5 6 |  6.2
Unarmed Combat | 1 2 3 5 6 |  6.2
Spellcasting   | 1 2 3 5 6 |  6.2
Evocations     | 1 2 3 5 6 |  6.2
Conjurations   | 1 2 3 4 5 |  5.1
Hexes          | 1 2 3 4 5 |  5.1
Summonings     | 1 2 3 4 5 |  5.1
Necromancy     | 1 2 3 4 5 |  5.1
Translocations | 1 2 3 4 5 |  5.1
Transmutations | 1 2 3 4 5 |  5.1
Fire Magic     | 1 2 3 4 5 |  5.1
Ice Magic      | 1 2 3 4 5 |  5.1
Air Magic      | 1 2 3 4 5 |  5.1
Earth Magic    | 1 2 3 4 5 |  5.1
Poison Magic   | 1 2 3 4 5 |  5.1
Axes           | 5 6 7 |  7.8
Fighting       | 7 8 9 |  9.1
Armour         | 7 8 9 |  9.8
Shields        | 7 8 9 |  9.1

Action                   |  1- 3 |  4- 6 |  7- 9 | 10-12 || total
-------------------------+-------+-------+-------+-------++-------
Melee: War axe           |   136 |   180 |   380 |    45 ||   741
       Bite              |    11 |    20 |    53 |    35 ||   119
       Dagger            |       |       |    11 |       ||    11
       Trident           |       |       |     8 |   308 ||   316
Throw: Javelin           |       |       |     7 |    24 ||    31
       Dart              |       |       |       |    11 ||    11
 Cast: Necrotise         |       |       |     3 |       ||     3
Invok: Heroism           |       |       |     4 |     1 ||     5
Evoke: Wand              |       |       |     5 |     1 ||     6
  Use: Scroll            |     6 |     6 |     5 |     4 ||    21
       Potion            |       |       |     2 |     2 ||     4
 Stab: Sleeping          |       |     1 |     2 |     3 ||     6
       Distracted        |       |       |       |     2 ||     2
Armor: Scale mail        |    33 |       |       |       ||    33
       Ring mail         |    16 |   108 |   209 |   139 ||   472
Dodge: Dodged            |    56 |   104 |   271 |   230 ||   661
Block: Buckler           |    32 |    37 |   167 |   104 ||   340
